 Dungeon Crawl Stone Soup version 0.31-a0-1008-g5b978dac0e (webtiles) character file.

Game seed: 1377890721243048837

32 Azuregosa the Covert (level 3, -2/26 HPs)
             Began as an Octopode Delver on Nov 13, 2023.
             Was an Initiate of Sif Muna.
             Slain by an orc wizard
             ... wielding a +0 dagger
              (5 damage)
             ... on level 4 of the Dungeon.
             The game lasted 00:02:37 (627 turns).

Azuregosa the Covert (Octopode Delver)               Turns: 627, Time: 00:02:38

Health: -2/26      AC:  1    Str: 11    XL:     3   Next: 25%
Magic:  3/3        EV: 13    Int: 14    God:    Sif Muna [......]
Gold:   0          SH:  0    Dex: 13    Spells: 2/2 levels left

rFire   . . .        a - +0 hand axe
rCold   . . .        (no shield)
rNeg    . . .        (helmet restricted)
rPois   .            (no amulet)
rElec   .            (no ring)
rCorr   .            (no ring)
SInv    .            (no ring)
Will    .....        (no ring)
Stlth   +++++        (no ring)
HPRegen 0.24/turn    (no ring)
MPRegen 0.08/turn    (no ring)
                     (no ring)

%: no passive effects
@: no status effects
A: almost no armour, amphibious, 8 rings, camouflage 1, gelatinous body 1,
(nimble swimmer 1), tentacles
a: Renounce Religion


You were on level 4 of the Dungeon.
You worshipped Sif Muna.
Sif Muna was noncommittal.
You visited 2 branches of the dungeon, and saw 3 of its levels.

Inventory:

Hand Weapons
 a - a +0 hand axe (weapon)
Magical Staves
 h - a staff of earth
Wands
 f - a wand of digging (3)
Scrolls
 b - a scroll of fog
 c - a scroll of identify {unknown}
 g - a scroll of blinking {unknown}
Potions
 e - a potion of haste


   Skills:
 - Level 3.0 Fighting
 - Level 2.0 Axes
 - Level 2.0 Dodging
 + Level 8.0 Stealth


You had 2 spell levels left.
You didn't know any spells.
Your spell library was empty.

Dungeon Overview and Level Annotations

Branches:
Dungeon (5/15)             Temple (1/1) D:5

Altars:
Ashenzari
Cheibriados
Dithmenos
Elyvilon
Gozag
Kikubaaqudgha
Makhleb
Nemelex Xobeh
Okawaru
Sif Muna
Trog
Uskayaw
Vehumet
Wu Jian
Xom
Yredelemnul
Zin
The Shining One


Innate Abilities, Weirdness & Mutations

You cannot wear most types of armour.
You are amphibious.
You can wear up to eight rings at the same time.
Your skin changes colour to match your surroundings (Stealth+).
Your rubbery body absorbs attacks. (AC +1, EV +1)
((You are camouflaged when in or above water. (Stealth+)))
You have tentacles for arms and can constrict up to eight enemies at once.


Message History

h - a staff of earth Your library has no spells.
Found an escape hatch in the ceiling. 2 orcs come into view.
An orc comes into view. It is wielding a +0 club.
Found an escape hatch in the floor.
The helpless orc fails to defend itself.
You hit the orc. Your grab misses the orc.
The orc is severely wounded.
The orc shouts!
You hear a shout! x2
The orc barely misses you.
You hear a shout! x2; The orc shouts!
You barely miss the orc. You grab the orc.
You squeeze the orc, but do no damage.
The orc is severely wounded.
You constrict the orc. The orc hits you with a +0 trident.
An orc wizard comes into view. It is wielding a +0 dagger.
You release your grip on the orc.
The orc barely misses you.
The orc hits you from afar with a +0 trident!
You closely miss the orc. Your grab misses the orc. You squeeze the orc.
The orc is severely wounded.
The orc barely misses you. The orc misses you.
You closely miss the orc. Your grab misses the orc.
The orc is severely wounded.
The orc hits you from afar with a +0 trident.
The orc wizard gestures wildly while chanting.
The orc wizard flickers and vanishes!
Deactivating autopickup; reactivate with Ctrl-A.
You hit the orc.
You kill the orc!
Sif Muna accepts your kill. The orc completely misses you.
The orc hits you from afar with a +0 trident!
* * * LOW HITPOINT WARNING * * *
Your Stealth skill increases to level 8!
As you read the scroll of fear, it crumbles to dust.
You assume a fearsome visage.
The orc looks frightened! x2
You closely miss something. You squeeze something! You closely miss something.
You squeeze something. Something hits you.
You die...

### ..# #.# #.# #.#
# ###########.#
#.##.
#..........@##......
.....###...#)..<....
..........###.......
...........# #..o..#
....####.#.# ..o..>
.## #.### #####
#######.# ........#
#######.#


You could see 2 orcs.

Vanquished Creatures
  A hound (D:5)
  An orc (D:4)
2 creatures vanquished.

Notes
Turn   | Place    | Note
-------+----------+-------------------------------------------
     0 | D:5      | Azuregosa the Octopode Delver began the quest for the Orb.
     0 | D:5      | Reached XP level 1. HP: 16/16 MP: 1/1
    27 | D:5      | Found a staircase to the Ecumenical Temple.
    36 | Temple   | Entered the Ecumenical Temple
    45 | Temple   | Became a worshipper of Sif Muna the Loreminder
   529 | D:5      | Noticed an ice beast
   552 | D:5      | Noticed a hound
   562 | D:5      | Killed a hound
   563 | D:5      | Reached skill level 7 in Stealth
   563 | D:5      | Reached XP level 2. HP: 16/21 MP: 2/2
   563 | D:5      | Reached XP level 3. HP: 19/26 MP: 3/3
   625 | D:4      | Reached skill level 8 in Stealth
   627 | D:4      | Slain by an orc wizard

Illustrated notes

Levels and vault maps discovered:
D:4:      layout_loops_ring, mainiacjoe_overflow_tiny_flanked
D:5:      layout_layer_cave, kennysheep_mini, minmay_temple_entry_poolview
Temple:   regret_index_temple_mists

Skill      XL: |  1  2  3 |
---------------+----------+-----
Stealth        | 7 8 |  8.0
Fighting       | |  3.0
Axes           | |  2.0
Dodging        | |  2.0

Action                     || total
---------------------------++-------
  Melee: Hand axe          ||    13
         Tentacles         ||     6
         Constrict         ||     2
    Use: Scroll            ||     2
   Stab: Sleeping          ||     1
 Armour: Skin              ||     8
  Dodge: Dodged            ||    12

Table legend: (Time is in decaauts)
 A = Elapsed time spent in this place.
 B = Non-inter-level travel time spent in this place.
 C = Inter-level travel time spent in this place.
 D = Time resting spent in this place.
 E = Time spent auto-exploring this place.
 F = Levels seen in this place.
 G = Mean time per level.
                   A        B        C        D        E       F      G
               +--------+--------+--------+--------+--------+-----+--------+
         Total |    629 |    621 |      8 |    423 |     71 |   3 |  209.7 |
       Dungeon |    210 |    210 |      0 |     26 |     71 |   2 |  105.0 |
        Temple |    418 |    410 |      8 |    397 |      0 |   1 |  418.0 |
               +--------+--------+--------+--------+--------+-----+--------+

Top non-repeatable levels by time:
  Temple: 418 daAuts
     D:5: 181 daAuts
     D:4: 28 daAuts
